 Dungeon Crawl Stone Soup version 0.29.1-13-g9f3cf754e1 (webtiles) character file.

Game seed: 17665662681043273091

545 Descartes the Firebug (level 7, -1/46 HPs)
             Began as a Demonspawn Fire Elementalist on Jan 20, 2023.
             Slain by an iguana (7 damage)
             ... on level 5 of the Dungeon.
             The game lasted 00:14:29 (4331 turns).

Descartes the Firebug (DsFE)                        Turns: 4331, Time: 00:14:29

Health: -1/46      AC: 11    Str: 16    XL:     7   Next: 6%
Magic:  12/12      EV:  7    Int: 16    God:
Gold:   279        SH:  4    Dex: 14    Spells: 12/13 levels left

rFire   . . .      SeeInvis .   o - +8 club
rCold   . . .      Faith    .   x - +0 buckler
rNeg    . . .      Spirit   .   v - +0 chain mail
rPois   +          Reflect  .   a - +0 helmet
rElec   .          Harm     .   (no cloak)
rCorr   .          Rampage  .   G - +0 pair of gloves
Will    .....                   k - +0 pair of boots
Stlth   ..........              D - amulet of magic regeneration
HPRegen 0.15/turn               c - +6 ring of strength
MPRegen 0.53/turn               w - ring of poison resistance

@: no status effects
A: powered by death 2, demonic touch 2
a: no special abilities


You were on level 5 of the Dungeon.
You visited 1 branch of the dungeon, and saw 5 of its levels.

You collected 279 gold pieces.

Inventory:

Hand Weapons
 e - a +1 dagger of speed
 o - a +8 club (weapon)
 C - a +1 dagger of venom
Missiles
 g - a throwing net
 u - 6 curare-tipped darts
 E - 2 boomerangs
 F - a boomerang of dispersal
Armour
 a - a +0 helmet (worn)
 k - a +0 pair of boots (worn)
 v - a +0 chain mail (worn)
 x - a +0 buckler (worn)
 y - a +1 robe of willpower
 G - a +0 pair of gloves (worn)
Jewellery
 c - a +6 ring of strength (left hand)
 w - a ring of poison resistance (right hand)
 D - an amulet of magic regeneration (around neck)
 H - a ring of positive energy
Wands
 s - a wand of paralysis (11)
Scrolls
 d - a scroll of poison {unknown}
 h - 2 scrolls of teleportation {unknown}
 l - a scroll of enchant armour {unknown}
 m - a scroll of fog {unknown}
 n - 2 scrolls of enchant weapon {unknown}
 p - a scroll of magic mapping {unknown}
 q - a scroll of fear {unknown}
 r - a scroll of summoning {unknown}
 t - 4 scrolls of identify {unknown}
 A - 3 scrolls of acquirement {unknown}
 B - a scroll of brand weapon {unknown}
 J - a scroll of amnesia {unknown}
Potions
 b - a potion of magic
 f - a potion of resistance {unknown}
 i - a potion of cancellation {unknown}
 j - 4 potions of flight {unknown}
 z - 2 potions of degeneration {unknown}
 I - a potion of invisibility {unknown}


   Skills:
 + Level 1.9 Maces & Flails
 + Level 1.6 Armour
 + Level 2.7 Dodging
 - Level 1.7 Stealth
 + Level 1.8 Shields
 + Level 3.5 Spellcasting
 + Level 3.3 Conjurations
 + Level 4.0 Fire Magic


You had 12 spell levels left.
You knew the following spells:

 Your Spells              Type           Power      Damage    Failure   Level
a - Foxfire               Conj/Fire      56%        2x1d6     69%         1

Your spell library contained the following spells:

 Spells                   Type           Power      Damage    Failure   Level
 Magic Dart               Conj           52%        1d5       75%         1
 Scorch                   Fire           30%        2d7       78%         2
 Conjure Flame            Conj/Fire      14%        6-21      96%         3
 Sting                    Tmut/Pois      8%         1d3       99%         1
 Inner Flame              Hex/Fire       9%         N/A       99%         3
 Call Imp                 Summ           2%         N/A       100%        2
 Ignite Poison            Fire/Tmut/Pois 7%         N/A       100%        3
 Mephitic Cloud           Conj/Pois/Air  6%         N/A       100%        3
 Anguish                  Hex/Necr       1%         N/A       100%        4
 Flame Wave               Conj/Fire      14%        2d6       100%        4
 Sticky Flame             Conj/Fire      14%        2d4       100%        4
 Enfeeble                 Hex            1%         N/A       100%        7


Dungeon Overview and Level Annotations

Branches:
Dungeon (5/15)
 Temple: D:4-7

Altars:
Hepliaklqana
Okawaru
Qazlal
Sif Muna
Wu Jian

Shops:
D:1 (


Innate Abilities, Weirdness & Mutations

You regenerate health from kills.
Your touch may inflict irresistible damage on your foes.


Message History

The steam dragon bites you but does no damage.
The steam dragon claws you.
You sock the steam dragon!
The steam dragon is moderately wounded.
The steam dragon bites you.
The steam dragon claws you but does no damage.
You barely miss the steam dragon.
The steam dragon is moderately wounded.
The steam dragon breathes steam at you. The ball of steam hits you.
You hit the steam dragon.
The steam dragon is moderately wounded.
You are engulfed in a cloud of scalding steam.
The steam dragon barely misses you. x2; You block the steam dragon's attack.
The steam dragon claws you but does no damage.
An iguana comes into view.
You hit the steam dragon.
The steam dragon is heavily wounded.
You are engulfed in a cloud of scalding steam.
The steam dragon barely misses you. The steam dragon closely misses you.
You thump the steam dragon!
The steam dragon is severely wounded.
You are engulfed in a cloud of scalding steam.
The steam dragon breathes steam at you. The ball of steam hits you!!
* * * LOW HITPOINT WARNING * * *
Unknown command.
You hit the steam dragon.
You kill the steam dragon!
Your Fire Magic skill increases to level 4!
You have reached level 7!
Your demonic ancestry asserts itself...
Your hands glow brighter with unholy energy.
You see here a steam dragon corpse.
You barely miss the iguana.
The iguana bites you but does no damage.
You sock the iguana!
The iguana is heavily wounded.
The iguana bites you!
You die...

#. #######.
#.......
#.#####. #...#
#. ###.# #. #.#
##
#.###########
#.####
#....l@.....##
#.....
###########..##
#..### ##..#
#..# # ##.#
#..# # #.##
#..###
#..###.....
##......###
.............#
############.#


You could see an iguana.

Vanquished Creatures
  A steam dragon (D:5)
  A centaur (D:5)
  A necrophage (D:5)
  2 hounds (D:5)
  An orc priest (D:3)
  Jessica (D:2)
  Terence (D:3)
  An orc wizard (D:4)
  3 adders
  A shadow imp (D:5)
  A worm (D:2)
  9 orcs
  5 endoplasms
  3 giant cockroaches
  4 hobgoblins
  3 quokkas
  9 ball pythons
  6 bats
  2 frilled lizards (D:1)
  8 goblins
  7 kobolds
  4 rats
74 creatures vanquished.

Vanquished Creatures (collateral kills)
  2 foxfires (D:1)
2 creatures vanquished.

Vanquished Creatures (others)
  98 foxfires
98 creatures vanquished.

Grand Total: 174 creatures vanquished

Notes
Turn   | Place    | Note
-------+----------+-------------------------------------------
     0 | D:1      | Descartes the Demonspawn Fire Elementalist began the quest
                  | for the Orb.
     0 | D:1      | Reached XP level 1. HP: 13/13 MP: 3/3
   318 | D:1      | Gained mutation: Your touch may inflict minor irresistible
                  | damage on your foes. [demonic ancestry]
   318 | D:1      | Reached XP level 2. HP: 19/19 MP: 1/5
   794 | D:1      | Reached skill level 3 in Fire Magic
   863 | D:1      | Found Pisogh's Antique Weapon Shoppe.
  1025 | D:1      | Found a faded altar of an unknown god.
  1038 | D:1      | Got Plato's Cyclopedia of the Black Widow
  1687 | D:2      | Gained mutation: You regenerate a little health from kills.
                  | [demonic ancestry]
  1687 | D:2      | Reached XP level 3. HP: 24/24 MP: 2/6
  1889 | D:2      | Noticed Jessica
  1891 | D:2      | Killed Jessica
  1929 | D:2      | Gained mutation: You regenerate health from kills. [demonic
                  | ancestry]
  1929 | D:2      | Reached XP level 4. HP: 30/30 MP: 8/8
  2524 | D:3      | Found a hazy altar of Hepliaklqana.
  2614 | D:3      | Noticed Terence
  2622 | D:3      | Killed Terence
  2877 | D:3      | Reached XP level 5. HP: 35/35 MP: 9/9
  3190 | D:4      | Found an iron altar of Okawaru.
  3295 | D:4      | Found a shimmering blue altar of Sif Muna.
  3530 | D:4      | Found an ornate altar of the Wu Jian Council.
  3730 | D:4      | Found a stormy altar of Qazlal.
  3731 | D:4      | Noticed an air elemental
  3734 | D:4      | Noticed a fire elemental
  3734 | D:4      | Noticed a water elemental
  3958 | D:5      | Entered Level 5 of the Dungeon
  3972 | D:5      | Reached skill level 1 in Maces & Flails
  3972 | D:5      | Reached skill level 1 in Shields
  3984 | D:5      | Noticed a centaur
  3994 | D:5      | Killed a centaur
  3995 | D:5      | Reached skill level 1 in Armour
  3995 | D:5      | Reached XP level 6. HP: 8/41 MP: 10/10
  4318 | D:5      | Noticed a steam dragon
  4328 | D:5      | Killed a steam dragon
  4329 | D:5      | Reached skill level 4 in Fire Magic
  4329 | D:5      | Gained mutation: Your touch may inflict irresistible damage
                  | on your foes. [demonic ancestry]
  4329 | D:5      | Reached XP level 7. HP: 6/46 MP: 12/12
  4331 | D:5      | Slain by an iguana

Illustrated notes

Levels and vault maps discovered:
D:1:      minmay_arrival_pointy, layout_loops_ring,
          shapermc_ecumenical_altar_rom_forum, serial_shops, shop
D:2:      layout_basic, chequers_decorated_corner, feat_on_display, uniq_jessica
D:3:      layout_basic, worldfamousw_hep_ancestral_shrine, uniq_terence
D:4:      layout_basic, lemuel_coloured_pillars_altar, kennysheep_mini,
          nicolae_sif_muna_little_library, nicolae_qazlal_style_of_elements
D:5:      layout_basic, serial_shops, nicolae_square_shop,
          grunt_decor_resistance

Skill      XL: |  1  2  3  4  5  6 |
---------------+-------------------+-----
Fire Magic     | 3 4 |  4.0
Conjurations   | 2 3 |  3.3
Dodging        | 2 |  2.7
Spellcasting   | 3 |  3.5
Maces & Flails | 1 |  1.9
Shields        | 1 |  1.8
Armour         | 1 |  1.6
Stealth        | |  1.7

Action                   |  1- 3 |  4- 6 |  7- 9 || total
-------------------------+-------+-------+-------++-------
Melee: Dagger            |     7 |       |       ||     7
       Touch             |     4 |     3 |       ||     7
       Club              |     1 |    97 |     2 ||   100
 Cast: Foxfire           |    59 |     4 |       ||    63
 Stab: Sleeping          |       |     7 |       ||     7
Armor: Robe              |     4 |     3 |       ||     7
       Chain mail        |       |    55 |     1 ||    56
Dodge: Dodged            |    15 |    43 |       ||    58
Block: Buckler           |       |    13 |       ||    13
